 Dungeon Crawl Stone Soup version 0.20.0-8-g6b59dc7 (webtiles) character file.

75 kraftydee the Twirler (level 4, 0/37 HPs)
             Began as a Minotaur Gladiator on May 30, 2017.
             Succumbed to Gandalfino's ghost's sting
             ... on level 3 of the Dungeon.
             The game lasted 00:04:33 (1314 turns).

kraftydee the Twirler (Minotaur Gladiator)          Turns: 1314, Time: 00:04:34

Health: 0/37       AC:  4    Str: 20    XL:     4   Next: 11%
Magic:  3/3        EV: 13    Int:  5    God:
Gold:   71         SH:  0    Dex: 11    Spells: 3/3 levels left

rFire    . . .     SeeInvis .   a - +0 quarterstaff
rCold    . . .     Gourm    .   (shield currently unavailable)
rNeg     . . .     Faith    .   b - +0 leather armour
rPois    .         Spirit   .   c - +0 hat
rElec    .         Reflect  .   (no cloak)
rCorr    .         Harm     .   s - +0 pair of gloves
MR       .....                  (no boots)
Stlth    +.........             (no amulet)
Regen    0.2/turn               (no ring)
MPRegen  0.1/turn               (no ring)

@: lethally poisoned (0 -> -11)
A: retaliatory headbutt, horns 2
a: no special abilities


You were on level 3 of the Dungeon.
You were not hungry.

You visited 1 branch of the dungeon, and saw 3 of its levels.

You collected 71 gold pieces.

Inventory:

Hand Weapons
 a - a +0 quarterstaff (weapon)
Missiles
 d - 3 throwing nets (quivered)
Armour
 b - a +0 leather armour (worn)
 c - a +0 hat (worn)
 s - a +0 pair of gloves (worn)
Jewellery
 p - an uncursed ring of poison resistance
Scrolls
 e - 2 scrolls of remove curse {unknown}
 h - 2 scrolls of magic mapping {unknown}
 j - 2 scrolls of identify
 m - a scroll of immolation {unknown}
 o - a scroll of enchant weapon {unknown}
 q - a scroll of blinking {unknown}
Potions
 k - a potion of flight {unknown}
 l - a potion of ambrosia {unknown}
 n - a potion of haste {unknown}
 r - 2 potions of cancellation {unknown}
Comestibles
 f - a bread ration
 g - a royal jelly
 i - a meat ration


   Skills:
 + Level 2.9 Fighting
 + Level 4.5 Staves
 + Level 2.2 Throwing
 + Level 0.5 Armour
 + Level 4.3 Dodging


You had 3 spell levels left.
You didn't know any spells.

Dungeon Overview and Level Annotations

Branches:
Dungeon (3/15)

Altars:

Annotations:
D:3 Gandalfino's ghost, amateur DrVM


Innate Abilities, Weirdness & Mutations

You reflexively headbutt those who attack you in melee.
You have a pair of horns on your head.


Message History

You closely miss Gandalfino's ghost.
Gandalfino's ghost is severely damaged.
* * * LOW HITPOINT WARNING * * *
You feel sick. Gandalfino's ghost barely misses you.
Gandalfino's ghost casts a spell at you.
The sting hits you!
You are more poisoned.
* * * LOW HITPOINT WARNING * * *
You barely miss Gandalfino's ghost.
Gandalfino's ghost is severely damaged.
* * * LOW HITPOINT WARNING * * *
You feel sick. Gandalfino's ghost barely misses you. You furiously retaliate!
You headbutt Gandalfino's ghost. You closely miss Gandalfino's ghost.
Gandalfino's ghost is severely damaged.
* * * LOW HITPOINT WARNING * * *
You feel sick. Gandalfino's ghost closely misses you.
You hit Gandalfino's ghost.
Gandalfino's ghost is almost destroyed.
You die...

.. .. .# .....#.#
#.#....### ...#....
......# ..... # #W#.#
#...##@#.# #..####
#......### #..##..
#.####.#.## ##...... #
#..#. ....#.# # #.#.#
#..##.#
#####.#.#.#####..##.#
..........>......##.##
.######.#†###.....<...
.S.....## #.##.##...


You could see Gandalfino's ghost.

Vanquished Creatures
  3 adders
  An ooze (D:1)
  A worm (D:2)
  A dart slug (D:2)
  A ball python (D:3)
  6 bats
  5 giant cockroaches
  4 goblins
  3 hobgoblins
  4 kobolds
  A quokka (D:2)
  3 frilled lizards
  7 rats
40 creatures vanquished.

Notes
Turn   | Place    | Note
-------+----------+-------------------------------------------
     0 | D:1      | kraftydee the Minotaur Gladiator began the quest for the Orb.
     0 | D:1      | Reached XP level 1. HP: 18/18 MP: 0/0
     3 | D:1      | Noticed an electric eel
     3 | D:1      | Noticed an electric eel
    91 | D:1      | Reached XP level 2. HP: 21/25 MP: 1/1
   536 | D:2      | Reached XP level 3. HP: 28/30 MP: 2/2
  1035 | D:2      | Found a faded altar of an unknown god.
  1170 | D:3      | Noticed Gandalfino's ghost (amateur DrVM)
  1177 | D:3      | Reached XP level 4. HP: 28/37 MP: 3/3
  1313 | D:3      | HP: 1/37 [poisoned by Gandalfino's ghost (sting)]
  1314 | D:3      | Succumbed to Gandalfino's ghost's sting

Skill      XL: |  1  2 |
---------------+-------+-----
Staves         | 4 |  4.5
Dodging        | 4 |  4.3
Fighting       | |  2.9
Throwing       | |  2.2
Armour         | |  0.5

Action                   |  1- 3 |  4- 6 || total
-------------------------+-------+-------++-------
Melee: Quarterstaff      |    80 |    17 ||    97
       Headbutt          |     6 |     4 ||    10
  Use: Scroll            |     1 |       ||     1
  Eat: Chunk             |       |     1 ||     1
Armor: Leather armour    |    14 |     2 ||    16
Dodge: Dodged            |    63 |    11 ||    74
